 Dungeon Crawl Stone Soup version 0.32-a0-841-g4648e6c457 (webtiles) character file.

Game seed: 12108552942928867428

64904 tilp the Bewitcher (level 14, -7/113 HPs)
             Began as a Vampire Enchanter on Mar 26, 2024.
             Was a High Priest of Wu Jian.
             Mangled by an orc warrior
             ... wielding a +4 scimitar
             ... led by an orc knight
              (25 damage)
             ... on level 1 of the Orcish Mines on Mar 27, 2024.
             The game lasted 00:49:10 (21183 turns).

tilp the Bewitcher (Vampire Enchanter)             Turns: 21183, Time: 00:49:12

Health: -7/113     AC:  9    Str: 10    XL:     14   Next: 73%
Magic:  21/35      EV: 15    Int: 28    God:    Wu Jian [*****.]
Gold:   1382       SH:  0    Dex: 15    Spells: 1/29 levels left

rFire   + . .        a - +4 dagger of Wicked Blind Justice {freeze, rF+ Str+3}
rCold   . . .        k - orb {guile}
rNeg    . . .        x - +2 robe
rPois   .            G - +1 helmet
rElec   .            u - +2 cloak
rCorr   .            (no gloves)
SInv    +            (no boots)
Will    .....        L - amulet of regeneration
Stlth   ++++++       F - ring of magical power
HPRegen 1.38/turn    y - +6 ring of intelligence
MPRegen 0.24/turn

%: no passive effects
@: healing quickly
A: alive, fangs 3, see invisible, vampiric 2
a: Exsanguinate, Renounce Religion, Wall Jump, Serpent's Lash, Heavenly Storm


You were on level 1 of the Orcish Mines.
You worshipped Wu Jian.
Wu Jian was extremely pleased with you.
You visited 5 branches of the dungeon, and saw 20 of its levels.
You also visited: Sewer and Gauntlet.

You collected 1531 gold pieces.
You spent 149 gold pieces at shops.

Inventory:

Hand Weapons
 a - the +4 dagger of Wicked Blind Justice (weapon) {freeze, rF+ Str+3}
   (You found it on level 5 of the Lair of Beasts)

   Str+3:     It affects your strength (+3).
   rF+:       It protects you from fire.
 b - a +4 scimitar of flaming
 H - a +2 dagger of freezing
 R - a +2 dagger of flaming
Missiles
 o - 2 datura-tipped darts
 w - 17 boomerangs (quivered)
 I - 38 poisoned darts
 K - 6 curare-tipped darts {!f}
 U - 11 javelins
Armour
 f - the +1 ring mail "Bueginli" {Slay+3}
   (You found it on level 2 of the Lair of Beasts)

   Slay+3:    It affects your accuracy & damage with ranged weapons and melee
   (+3).
 k - an orb of guile (worn)
 u - a +2 cloak (worn)
 x - a +2 robe (worn)
 G - a +1 helmet (worn)
 N - a +0 buckler
Jewellery
 c - a ring of protection from fire
 y - a +6 ring of intelligence (right hand)
 F - a ring of magical power (left hand)
 L - an amulet of regeneration (around neck)
 M - a ring of poison resistance
Wands
 h - a wand of polymorph (5)
 O - a wand of acid (16)
 Q - a wand of flame (22)
 S - a wand of paralysis (9)
 W - a wand of digging (8)
 X - a wand of roots (10)
Scrolls
 g - 4 scrolls of fear
 i - a scroll of fog
 m - 2 scrolls of blinking
 r - a scroll of acquirement
 s - 3 scrolls of vulnerability
 v - a scroll of revelation
 A - a scroll of torment
 D - 3 scrolls of teleportation
 T - 2 scrolls of immolation
 V - 2 scrolls of poison
 Z - 3 scrolls of identify
Potions
 e - 3 potions of curing
 j - 7 potions of enlightenment
 l - 3 potions of haste
 n - a potion of invisibility
 p - a potion of heal wounds
 q - 2 potions of attraction
 t - 2 potions of resistance
 z - 3 potions of magic
 B - a potion of cancellation
 C - 3 potions of mutation
Miscellaneous
 d - a sack of spiders
 E - a tin of tremorstones (2/2)
 P - a lightning rod (4/4)
 Y - a phial of floods


   Skills:
 * Level 11.3 Fighting
 - Level 3.0(9.2) Short Blades
 * Level 12.3(12.4) Long Blades
 - Level 8.0 Dodging
 + Level 14.3 Stealth
 - Level 4.0 Shields
 + Level 8.3 Spellcasting
 - Level 15.0 Hexes
 - Level 4.0 Summonings
 - Level 4.0 Alchemy
 + Level 6.1 Evocations


You had one spell level left.
You knew the following spells:

 Your Spells              Type           Power      Damage    Failure   Level
a - Ensorcelled Hibernat  Hex/Ice        100%       N/A       1%          2
b - Confusing Touch       Hex            77%        N/A       1%          3
c - Tukima's Dance        Hex            77%        N/A       1%          3
d - Dazzling Flash        Conj/Hex       100%       N/A       1%          3
e - Summon Mana Viper     Hex/Summ       60%        N/A       2%          5
f - Yara's Violent Unrav  Hex/Alch       30%        3d13      2%          5
g - Enfeeble              Hex            38%        N/A       9%          7

Your spell library contained the following spells:

 Spells                   Type           Power      Damage    Failure   Level
 Sting                    Conj/Alch      88%        1d8       1%          1
 Summon Small Mammal      Summ           100%       N/A       1%          1
 Apportation              Tloc           22%        N/A       4%          1
 Necrotise                Necr           44%        1d6       4%          1
 Jinxbite                 Hex            100%       N/A       0%          2
 Sigil of Binding         Hex            77%        N/A       1%          3
 Call Canine Familiar     Summ           34%        N/A       2%          3
 Dimensional Bullseye     Hex/Tloc       26%        N/A       2%          4
 Summon Ice Beast         Ice/Summ       22%        N/A       6%          3
 Lesser Beckoning         Tloc           22%        N/A       7%          2
 Gell's Gravitas          Tloc           11%        N/A       14%         3
 Stone Arrow              Conj/Erth      22%        3d8       14%         3
 Teleport Other           Tloc           11%        N/A       14%         3
 Vampiric Draining        Necr           11%        2d6       14%         3
 Animate Armour           Summ/Erth      44%        N/A       21%         4
 Martyr's Knell           Necr/Summ      22%        N/A       21%         4
 Summon Blazeheart Golem  Fire/Summ      22%        N/A       21%         4
 Summon Forest            Summ/Tloc      11%        N/A       50%         5
 Curse of Agony           Necr           11%        N/A       78%         5
 Summon Cactus Giant      Summ           17%        N/A       80%         6
 Monstrous Menagerie      Summ           17%        N/A       100%        7
 Lehudib's Crystal Spear  Conj/Erth      5%         10d3      100%        8


Dungeon Overview and Level Annotations

Branches:
Dungeon (11/15)            Temple (1/1) D:4            Lair (5/5) D:8
  Swamp (0/4) Lair:2        Snake (1/4) Lair:3        Slime (0/5) Lair:4
    Orc (2/2) D:9           Sewer (visited)         Gauntlet (visited)
    Elf: Orc:2

Altars:
Ashenzari
Cheibriados
Dithmenos
Fedhas
Gozag
Hepliaklqana
Kikubaaqudgha
Makhleb
Nemelex Xobeh
Okawaru
Qazlal
Ru
Sif Muna
Trog
Uskayaw
Vehumet
Wu Jian
Xom
Yredelemnul

Shops:
D:1 [

Annotations:
D:10 1 runed translucent door, narra's ghost, journeyman NaAl
Lair:4 3 runed translucent doors, Zenatt's ghost, journeyman TrFi


Innate Abilities, Weirdness & Mutations

Your natural rate of healing is accelerated.
You have razor-sharp teeth.
You have supernaturally acute eyesight. (SInv)
You are afflicted with vampirism and can become a bat while bloodless.


Message History

The orc knight is lightly wounded.
The orc knight closely misses you.
You barely miss the orc knight.
The orc knight is lightly wounded.
The orc no longer looks unusually strong.
The orc warrior barely misses you.
You hit the orc knight. You freeze the orc knight. You bite the orc knight.
The orc knight is moderately wounded.
The orc knight closely misses you.
You hit the orc knight but do no damage.
The orc knight is moderately wounded.
The orc warrior barely misses you. The orc closely misses you.
The orc knight barely misses you.
You closely miss the orc knight.
The orc knight is moderately wounded.
The orc knight is no longer blind.
You hit the orc knight but do no damage.
The orc knight is moderately wounded.
The orc warrior hits you with a +4 scimitar!!
* * * LOW HITPOINT WARNING * * *
The orc barely misses you.
The orc knight roars a battlecry!
The orc goes into a battle-frenzy!
Unknown command.
Casting: Dazzling Flash (safe; 1% risk of failure)
Confirm with . or Enter, or press ? or * to list all spells.
Aiming: Ensorcelled Hibernation (safe; 1% risk of failure)
Press: ? - help, Shift-Dir - straight line, f - orc knight
Aim: an orc knight, wielding a +0 battleaxe and wearing a +0 plate armour (moderately wounded, strong, chance to affect: 84%)
The orc knight looks drowsy...
The orc warrior hits you with a +4 scimitar!!
* * * LOW HITPOINT WARNING * * *
The orc closely misses you.
The helpless orc knight fails to defend itself.
You skewer the orc knight like a kebab!!!!
You freeze the orc knight!
You kill the orc knight!
The Council accepts your kill.
The orc warrior hits you with a +4 scimitar!!
You die...

####### #.# ### ......## ###
#.####.## .......###.##
###...#...# .......##...#
###.#....#..## ........#..##
##............# ............##
##.........#..##
.............###......#......##
.....÷.......##..o...##.......#
.............#.)@.....##<.....#
............#..o.....####.....#
.............##.......##)..^..#
....###......##......##.[[[...#
......#.....#####.....#..)...##
......#....## #.......)÷.###
#'#ß....#.## ###.......##
...#.......#### #.......##
...#....#..##.### #......#.##


You could see an orc warrior (strong, blind, unable to see you) and an orc
(strong, blind, unable to see you).

Vanquished Creatures
  Josephine (Lair:5)
  7 hydras
  2 boulder beetles (Lair:3)
  The ghost of Mll the Fighter, a novice MiFi of Okawaru (D:7)
  A deep troll shaman (Lair:5)
  10 death yaks
  2 two-headed ogres
  An orc high priest (Orc:1)
  Sonja (Lair:3)
  A skyshark (Lair:3)
  Pikel (D:7)
  The ghost of NotYourErnst the Grave Robber, a novice VSWn of Hepliaklqana (D:6)
  An orc knight (Orc:1)
  An oklob plant (Gauntlet)
  The ghost of Autsider the Magician, a novice DjCj (D:6)
  A cyclops (D:11)
  21 elephants
  A kobold blastminer (Orc:1)
  2 black mambas
  The ghost of Swamplord the Chopper, a novice MDMo (D:5)
  A smoke demon (Gauntlet)
  A gargoyle (D:11)
  10 cane toads
  A torpor snail (Lair:4)
  3 rime drakes
  15 komodo dragons
  A red devil (Gauntlet)
  A troll (Orc:2)
  3 polar bears
  A hornet (D:9)
  9 dream sheep (Lair:5)
  Prince Ribbit (D:6)
  A shadow (D:10)
  A vampire (D:11)
  5 wraiths (Lair:5)
  4 wargs (Orc:1)
  3 wyverns
  2 basilisks
  58 yaks
  Eustachio (D:5)
  A steam dragon (D:10)
  8 vampire mosquitoes (D:11)
  A swamp worm (Lair:2)
  A hell hound (Gauntlet)
  2 acid dragons (Gauntlet)
  Duvessa (D:6)
  9 water moccasins
  6 orc warriors
  2 sky beasts (D:7)
  3 ogres
  3 black bears
  6 ice beasts
  18 wolves
  A phantom (D:6)
  11 centaurs
  4 kobold brigands
  Blork the orc (D:5)
  A gnoll sergeant (D:7)
  2 scorpions
  7 bullfrogs
  A wight (D:9)
  Dowan (D:6)
  12 killer bees
  3 howler monkeys (D:8)
  An electric eel (Lair:2)
  3 crimson imps (Gauntlet)
  A bombardier beetle (D:4)
  A gnoll bouda (D:4)
  5 orc priests
  3 hounds (D:4)
  A jelly (D:4)
  6 iguanas
  Natasha (thrice) (D:3)
  4 orc wizards
  Robin (D:3)
  13 adders
  8 gnolls
  A river rat (Sewer)
  4 white imps
  7 dart slugs
  2 ribbon worms
  30 orcs
  11 ball pythons
  6 endoplasms
  10 giant cockroaches
  12 hobgoblins
  9 jackals
  4 quokkas
  5 bats
  8 frilled lizards
  11 goblins
  28 kobolds
  6 rats
489 creatures vanquished.

Vanquished Creatures (collateral kills)
  A minotaur (Gauntlet)
  Snorg (Lair:5)
  A catoblepas (Lair:5)
  A two-headed ogre (D:8)
  The ghost of ViolentViolet the Skirmisher, a novice CoHu of Hepliaklqana (D:6)
  6 elephants
  A kobold blastminer (Orc:1)
  An efreet (Gauntlet)
  A rime drake (Lair:5)
  A polar bear (Lair:5)
  A yak (Lair:3)
  A fire elemental (Gauntlet)
  A hell hound (Gauntlet)
  An ogre (D:5)
  3 wolves (Lair:1)
  3 wights (D:9)
  A crimson imp (Gauntlet)
  An orc (Orc:2)
27 creatures vanquished.

Vanquished Creatures (others)
  3 dancing weapons
3 creatures vanquished.

Grand Total: 519 creatures vanquished

Notes
Turn   | Place    | Note
-------+----------+-------------------------------------------
     0 | D:1      | tilp the Vampire Enchanter began the quest for the Orb.
     0 | D:1      | Reached XP level 1. HP: 13/13 MP: 3/3
   328 | D:1      | Reached XP level 2. HP: 20/20 MP: 5/5
   331 | D:1      | Learned a level 2 spell: Ensorcelled Hibernation
   348 | D:1      | Found Jehepuh's Armour Shoppe.
  1079 | D:2      | Reached skill level 1 in Long Blades
  1089 | D:2      | Gained mutation: You are afflicted with vampirism and can
                  | become a bat while bloodless. [Vampire growth]
  1089 | D:2      | Reached XP level 3. HP: 25/25 MP: 2/6
  1092 | D:2      | Learned a level 2 spell: Jinxbite
  1145 | D:2      | Reached skill level 1 in Fighting
  1202 | D:2      | Reached skill level 5 in Hexes
  1753 | D:3      | Reached XP level 4. HP: 32/32 MP: 4/7
  1872 | D:3      | Learned a level 3 spell: Confusing Touch
  1921 | D:3      | Noticed Natasha
  1959 | D:3      | Noticed Robin
  1964 | D:3      | Killed Robin
  1977 | D:3      | Reached skill level 5 in Stealth
  2020 | D:3      | Killed Natasha
  2021 | D:3      | Reached XP level 5. HP: 34/37 MP: 0/8
  2131 | D:3      | Noticed Natasha
  2149 | D:3      | Killed Natasha
  2149 | D:3      | Noticed Natasha
  2207 | D:3      | Killed Natasha
  2366 | D:3      | Found a stormy altar of Qazlal.
  2366 | D:3      | Noticed an air elemental
  2369 | D:3      | Noticed a water elemental
  2376 | D:3      | Noticed a fire elemental
  2586 | D:4      | Noticed an ice beast
  2604 | D:4      | Killed an ice beast
  2605 | D:4      | Reached XP level 6. HP: 10/44 MP: 1/9
  2747 | D:4      | Reached skill level 6 in Hexes
  2838 | D:1      | Bought a +1 helmet for 149 gold pieces
  2959 | D:4      | Learned a level 3 spell: Tukima's Dance
  2961 | D:4      | Identified a scroll of acquirement
  2994 | D:4      | Found a sacrificial altar of Ru.
  3129 | D:4      | Found a staircase to the Ecumenical Temple.
  3137 | Temple   | Entered the Ecumenical Temple
  3488 | D:4      | Reached XP level 7. HP: 51/51 MP: 11/11
  3724 | D:5      | Entered Level 5 of the Dungeon
  3865 | D:5      | Found a glowing drain.
  3874 | Sewer    | Entered a sewer
  4348 | Sewer    | Learned a level 3 spell: Dazzling Flash
  4990 | D:5      | Noticed Eustachio
  5004 | D:5      | Killed Eustachio
  5005 | D:5      | Reached skill level 7 in Hexes
  5113 | D:5      | Found a runed translucent door.
  5120 | D:5      | Noticed Swamplord's ghost (novice MDMo)
  5123 | D:5      | Noticed Blork the orc
  5127 | D:5      | Killed Blork the orc
  5242 | D:5      | Reached XP level 8. HP: 59/59 MP: 12/12
  5443 | D:6      | Noticed Prince Ribbit
  5444 | D:6      | Found a runed translucent gate.
  5444 | D:6      | Found a runed translucent gate.
  5448 | D:6      | Found a runed translucent gate.
  5448 | D:6      | Noticed NotYourErnst's ghost (novice VSWn)
  5448 | D:6      | Noticed Autsider's ghost (novice DjCj)
  5449 | D:6      | Noticed ViolentViolet's ghost (novice CoHu)
  5452 | D:6      | Killed Prince Ribbit
  5627 | D:6      | Reached skill level 8 in Hexes
  5655 | D:6      | Found a snail-covered altar of Cheibriados.
  5718 | D:6      | Noticed Duvessa
  5721 | D:6      | Noticed Dowan
  5735 | D:6      | Killed Duvessa
  5743 | D:6      | Killed Dowan
  5828 | D:6      | Identified the ring "Learr" {Ice rElec rPois Int-5 Dex+6}
  5929 | D:6      | Reached skill level 5 in Long Blades
  6653 | D:7      | Reached XP level 9. HP: 66/66 MP: 14/14
  6664 | D:7      | Reached skill level 9 in Hexes
  6772 | D:7      | Found a shimmering altar of Xom.
  6856 | D:7      | Reached skill level 5 in Fighting
  6974 | D:7      | Noticed Pikel
  6984 | D:7      | Killed Pikel
  6985 | D:7      | Reached skill level 5 in Dodging
  7211 | D:7      | Reached skill level 10 in Hexes
  7217 | D:7      | Found a runed translucent door.
  7217 | D:7      | Noticed Mll's ghost (novice MiFi)
  7272 | D:7      | Found an ornate altar of the Wu Jian Council.
  7418 | D:7      | Became a worshipper of the Wu Jian Council
  7500 | D:8      | Found a staircase to the Lair.
  7504 | D:8      | Noticed a rime drake
  7641 | D:8      | Identified the +9 short sword "Cookie Cutter" {venom,
                  | *Noise rElec rF++}
  7685 | D:8      | Noticed a two-headed ogre
  7690 | D:8      | Killed a two-headed ogre
  7691 | D:8      | Reached skill level 1 in Shields
  7691 | D:8      | Reached XP level 10. HP: 76/76 MP: 12/16
  7841 | D:8      | Found a sparkling altar of Nemelex Xobeh.
  7988 | D:8      | Found a burning altar of Makhleb.
  8155 | D:8      | Found a broken altar of Ashenzari.
  8477 | D:8      | Found a staircase to the Lair.
  8498 | D:8      | Found a broken altar of Ashenzari.
  8631 | D:8      | Found a burning altar of Makhleb.
  8702 | D:8      | Found a sparkling altar of Nemelex Xobeh.
  9017 | D:8      | Learned a level 5 spell: Summon Mana Viper
  9066 | D:9      | Reached skill level 11 in Hexes
  9149 | D:9      | Found a staircase to the Orcish Mines.
  9254 | D:9      | Reached skill level 5 in Spellcasting
  9256 | D:9      | Reached skill level 1 in Summonings
  9421 | D:9      | Found a shadowy altar of Dithmenos.
  9748 | D:10     | Entered Level 10 of the Dungeon
  9848 | D:10     | Found a runed translucent door.
  9850 | D:10     | Noticed narra's ghost (journeyman NaAl)
  9851 | D:10     | Noticed a purple ugly thing
  9942 | D:10     | Reached * piety under Wu Jian
 10267 | D:10     | Noticed a two-headed ogre
 10273 | D:10     | Killed a two-headed ogre
 10274 | D:10     | Reached skill level 1 in Evocations
 10274 | D:10     | Reached XP level 11. HP: 84/84 MP: 19/19
 10747 | D:11     | Reached skill level 12 in Hexes
 10907 | D:11     | Got Hasenkoz's Cyclopedia of Generation
 11031 | D:11     | Noticed a two-headed ogre
 11035 | D:11     | Reached skill level 10 in Stealth
 11039 | D:11     | Killed a two-headed ogre
 11262 | D:11     | Learned a level 5 spell: Yara's Violent Unravelling
 11518 | D:11     | Reached ** piety under Wu Jian
 11902 | D:5      | Killed Swamplord's ghost
 11995 | D:6      | Killed NotYourErnst's ghost
 11996 | D:6      | Reached skill level 1 in Alchemy
 12004 | D:6      | Killed ViolentViolet's ghost
 12006 | D:6      | Killed Autsider's ghost
 12165 | D:7      | Killed Mll's ghost
 12254 | Lair:1   | Entered Level 1 of the Lair of Beasts
 12315 | Lair:1   | Reached XP level 12. HP: 25/93 MP: 13/21
 12329 | Lair:1   | HP: 4/93 [elephant (7)]
 12397 | Lair:1   | Found a gate leading to a gauntlet.
 12406 | Gauntlet | Entered a Gauntlet
 12406 | Gauntlet | Found a transporter.
 12433 | Gauntlet | Found a transporter.
 12448 | Gauntlet | Found a transporter.
 12453 | Gauntlet | Found a transporter.
 12468 | Gauntlet | Found a transporter.
 12487 | Gauntlet | Found a transporter.
 12499 | Gauntlet | Found a transporter.
 12499 | Gauntlet | Noticed a hell hog
 12508 | Gauntlet | Noticed a hell hog
 12511 | Gauntlet | Found a transporter.
 12512 | Gauntlet | Found the ring of the Mage {Wiz Archmagi}
 12523 | Gauntlet | Found a transporter.
 12529 | Gauntlet | Found a transporter.
 12540 | Gauntlet | Noticed a dire elephant
 12544 | Gauntlet | Found a transporter.
 12561 | Gauntlet | Found a transporter.
 12579 | Gauntlet | Found a transporter.
 12583 | Gauntlet | Found a transporter.
 12609 | Gauntlet | Found a transporter.
 12611 | Gauntlet | Found a transporter.
 12631 | Gauntlet | Found a transporter.
 12709 | Gauntlet | Found a transporter.
 13038 | Gauntlet | HP: 3/94 [smoke demon/ball of steam (27)]
 13045 | Gauntlet | Reached skill level 13 in Hexes
 13416 | Gauntlet | Identified the +0 ring mail "Darylliw" {Rampage *Corrode
                  | Regen+ Stlth+}
 13416 | Gauntlet | Noticed a minotaur
 13424 | Gauntlet | Killed a minotaur
 13539 | Lair:1   | You fall into a shaft and drop 1 floor!
 13719 | Lair:2   | Noticed an eight-headed hydra
 13743 | Lair:2   | Killed a two-headed hydra
 13743 | Lair:2   | Reached *** piety under Wu Jian
 13965 | Lair:2   | Identified the +1 ring mail "Bueginli" {Slay+3}
 14472 | Lair:1   | Reached skill level 10 in Long Blades
 14472 | Lair:1   | Reached XP level 13. HP: 61/101 MP: 9/23
 15205 | Lair:2   | Found a staircase to the Swamp.
 15586 | Lair:3   | Noticed Sonja
 15592 | Lair:3   | Killed Sonja
 15593 | Lair:3   | Reached skill level 14 in Hexes
 15718 | Lair:3   | Reached **** piety under Wu Jian
 15892 | Lair:3   | Found a staircase to the Snake Pit.
 16879 | Lair:4   | Found a staircase to the Slime Pits.
 17085 | Snake:1  | Entered Level 1 of the Snake Pit
 17448 | Lair:4   | Noticed a minotaur
 17449 | Lair:4   | Noticed Zenatt's ghost (journeyman TrFi)
 17469 | Lair:4   | Found a runed translucent gate.
 17469 | Lair:4   | Found a runed translucent gate.
 17469 | Lair:4   | Found a runed translucent gate.
 17514 | Lair:4   | Reached skill level 15 in Hexes
 17525 | Lair:4   | Reached skill level 10 in Fighting
 17536 | Lair:4   | Reached ***** piety under Wu Jian
 17539 | Lair:4   | Reached skill level 5 in Evocations
 17704 | Lair:4   | Reached XP level 14. HP: 110/110 MP: 25/25
 18135 | Lair:5   | Entered Level 5 of the Lair of Beasts
 18135 | Lair:5   | Noticed Snorg
 18155 | Lair:5   | Killed Snorg
 18489 | Lair:5   | Noticed Josephine
 18521 | Lair:5   | Killed Josephine
 19540 | Lair:5   | Learned a level 7 spell: Enfeeble
 20008 | Lair:5   | Identified the ring "Umpuojir" {Fire *Corrode rN+ Str-2
                  | Dex+9}
 20016 | Lair:5   | Identified the +4 dagger of Wicked Blind Justice {freeze,
                  | rF+ Str+3}
 20243 | Orc:1    | Entered Level 1 of the Orcish Mines
 21153 | Orc:2    | Entered Level 2 of the Orcish Mines
 21183 | Orc:1    | Mangled by an orc warrior

Illustrated notes

Levels and vault maps discovered:
D:1:      lemuel_arrival_broad_hall, layout_basic, serial_shops,
          nicolae_shop_stone
D:2:      layout_rooms
D:3:      layout_basic, nicolae_qazlal_style_of_elements, nicolae_titane,
          uniq_robin, uniq_natasha
D:4:      layout_loops_ring, gammafunk_temple_overflow_statue,
          minmay_temple_entry_arrows
D:5:      layout_loops_cross, mainiacjoe_overflow_cross_hatched,
          ebering_ghost_sewer_d, gup_sewer_entry_bubbles, uniq_blork_the_orc,
          uniq_eustachio
D:6:      layout_loops_corners, mainiacjoe_overflow_24_doors,
          gammafunk_ghost_cemetery, hangedman_decor_lopped, uniq_duvessa,
          uniq_prince_ribbit1
D:7:      layout_loops_ring, pdpol_wu_jian_five_deadly_venoms,
          mainiacjoe_overflow_alcove_2, ebering_ghost_reflecting_pool,
          hangedman_decor_points, uniq_pikel
D:8:      layout_gridville, general_overflow_altar,
          mainiacjoe_overflow_tiny_flanked, ashenzari_conservatory_becter,
          hellmonk_lair_entry_icy
D:9:      hellmonk_destroyed_diamonds, layout_basic, overflow_temple_1_default
D:10:     layout_cave_pods, ebering_ghost_inner_flame
D:11:     layout_roguey, fungi_pond_lemuel
Temple:   jpeg_temple_clearing
Lair:1:   layout_cave_pods, gauntlet_entry_generic,
          chequers_serial_rivers_micro_d, serial_bayou_crossing
Lair:2:   layout_chaotic_city, minmay_swamp_entry_worms,
          infiniplex_staircase_pool
Lair:3:   layout_cave_pods, dummy_snake_entry, grunt_megastairs_4,
          serial_bayou_shore_b, uniq_sonja
Lair:4:   layout_big_grid, slime_entry_1, maelrawn_ghost_gauntlet_escape,
          serial_rivers, chequers_serial_rivers_room_a,
          chequers_serial_rivers_room_a, chequers_serial_rivers_large_a,
          chequers_serial_rivers_micro_c, chequers_serial_rivers_micro_c,
          chequers_serial_rivers_small_3, lemuel_fruit_tree
Lair:5:   grunt_lair_end_beastmaster, layout_cave_shapes, serial_rivers,
          chequers_serial_rivers_room_b, chequers_serial_rivers_small_b,
          chequers_serial_rivers_micro_b, chequers_serial_rivers_micro_c,
          chequers_serial_rivers_micro_b, uniq_josephine, uniq_snorg
Snake:1:  layout_cave_shapes, nicolae_snake_gridmaze_tees
Orc:1:    cheibrodos_orc_guarddog, layout_diamond_mine
Orc:2:    grunt_orc_gardens, layout_caves, grunt_orc_garden, grunt_orc_garden,
          grunt_orc_garden, grunt_orc_garden, nicolae_orc_found_a_spring

Skill      XL: |  1  2  3  4  5  6  7  8  9 10 11 12 13 14 |
---------------+-------------------------------------------+-----
Long Blades    | 1 2 3 5 6 7 9 10 11 12 | 12.3
Fighting       | 1 2 3 4 6 7 8 9 10 11 | 11.3
Hexes          | 5 6 7 8 10 11 12 13 15 | 15.0
Short Blades   | 2 3 |  3.0
Stealth        | 5 6 7 8 9 10 11 13 14 | 14.3
Dodging        | 3 4 5 6 7 8 |  8.0
Spellcasting   | 3 4 5 6 7 8 |  8.3
Shields        | 1 2 3 4 |  4.0
Summonings     | 2 4 |  4.0
Evocations     | 1 2 3 5 6 |  6.1
Alchemy        | 1 3 4 |  4.0

Action                     |  1- 3 |  4- 6 |  7- 9 | 10-12 | 13-15 || total
---------------------------+-------+-------+-------+-------+-------++-------
  Melee: Dagger            |    95 |    82 |   255 |   392 |   346 ||  1170
         Short sword       |    32 |    39 |       |     7 |       ||    78
         Bite              |     5 |    15 |    22 |    64 |    47 ||   153
         Scimitar          |       |       |       |     8 |       ||     8
  Throw: Boomerang         |       |     1 |     3 |       |     3 ||     7
   Cast: Ensorcelled Hiber |    12 |    29 |    69 |   116 |   147 ||   373
         Confusing Touch   |       |     2 |     9 |    41 |    18 ||    70
         Jinxbite          |       |     1 |       |       |       ||     1
         Tukima's Dance    |       |       |     4 |     5 |     5 ||    14
         Dazzling Flash    |       |       |       |     2 |     8 ||    10
         Summon Mana Viper |       |       |       |     9 |     7 ||    16
Ability: Lunge             |       |       |     2 |    42 |    41 ||    85
         Whirlwind         |       |       |       |    11 |    16 ||    27
  Evoke: Wand              |       |       |       |       |     2 ||     2
         Sack of spiders   |       |       |       |       |     1 ||     1
    Use: Potion            |       |     1 |     1 |    10 |       ||    12
         Scroll            |       |    13 |     9 |     6 |     6 ||    34
   Stab: Sleeping          |    10 |    22 |    62 |    87 |   133 ||   314
         Confused          |       |     2 |     5 |    37 |    12 ||    56
         Invisible         |       |     1 |       |     3 |     1 ||     5
         Distracted        |       |       |     1 |       |       ||     1
 Armour: Leather armour    |    78 |    48 |    55 |       |       ||   181
         Robe              |     2 |       |   108 |   269 |   202 ||   581
  Dodge: Dodged            |    75 |    59 |   178 |   206 |   227 ||   745
  Block: Buckler           |       |       |     7 |    70 |     1 ||    78

Table legend: (Time is in decaauts)
 A = Elapsed time spent in this place.
 B = Non-inter-level travel time spent in this place.
 C = Inter-level travel time spent in this place.
 D = Time resting spent in this place.
 E = Time spent auto-exploring this place.
 F = Levels seen in this place.
 G = Mean time per level.
                   A        B        C        D        E       F      G
               +--------+--------+--------+--------+--------+-----+--------+
         Total |  21207 |  19597 |   1610 |   2055 |  12751 |  22 |  964.0 |
       Dungeon |  11578 |  10491 |   1087 |    573 |   7764 |  11 | 1052.5 |
        Temple |      1 |      1 |      0 |      0 |      0 |   1 |    1.0 |
          Lair |   6772 |   6268 |    504 |    978 |   3772 |   5 | 1354.4 |
     Snake Pit |      1 |      1 |      0 |      0 |      0 |   1 |    1.0 |
  Orcish Mines |    614 |    596 |     18 |      2 |    501 |   2 |  307.0 |
         Sewer |   1141 |   1141 |      0 |    306 |    350 |   1 | 1141.0 |
      Gauntlet |   1097 |   1097 |      0 |    196 |    364 |   1 | 1097.0 |
               +--------+--------+--------+--------+--------+-----+--------+

Top non-repeatable levels by time:
  Lair:5: 1982 daAuts
     D:8: 1709 daAuts
  Lair:3: 1475 daAuts
     D:7: 1177 daAuts
     D:6: 1167 daAuts
  Lair:4: 1160 daAuts
   Sewer: 1141 daAuts
  Lair:1: 1116 daAuts
Gauntlet: 1097 daAuts
     D:4: 1077 daAuts
  Lair:2: 1037 daAuts
    D:11: 1000 daAuts
     D:5: 991 daAuts
    D:10: 983 daAuts
     D:3: 955 daAuts
